 Dungeon Crawl Stone Soup version 0.28.0-53-g5a82cb258f (webtiles) character file.

Game seed: 7622163819526545343

24 Zeld the Firebug (level 3, -2/31 HPs)
             Began as an Ogre Fire Elementalist on Aug 24, 2022.
             Shot with a stone by a goblin (3 damage)
             ... led by Robin
             ... on level 2 of the Dungeon.
             The game lasted 00:02:02 (1755 turns).

Zeld the Firebug (Ogre Fire Elementalist)           Turns: 1755, Time: 00:02:03

Health: -2/31      AC:  3    Str: 12    XL:     3   Next: 2%
Magic:  1/7        EV: 10    Int: 18    God:
Gold:   123        SH:  0    Dex:  9    Spells: 4/7 levels left

rFire   . . .      SeeInvis .   (no weapon)
rCold   . . .      Faith    .   (no shield)
rNeg    . . .      Spirit   .   a - +0 robe
rPois   .          Reflect  .   (helmet restricted)
rElec   .          Harm     .   (no cloak)
rCorr   .          Rampage  .   (gloves unavailable)
Will    .....                   (boots unavailable)
Stlth   +.........              (no amulet)
HPRegen 0.10/turn               (no ring)
MPRegen 0.10/turn               (no ring)

@: no status effects
A: large, unfitting armour, tough skin 1
a: no special abilities


You were on level 2 of the Dungeon.
You visited 1 branch of the dungeon, and saw 2 of its levels.

You collected 123 gold pieces.

Inventory:

Armour
 a - a +0 robe (worn)
Scrolls
 b - a scroll of blinking {unknown}
 c - 2 scrolls of identify {unknown}
 d - a scroll of amnesia {unknown}
 f - a scroll of fear {unknown}
 h - a scroll of fog {unknown}
Potions
 e - 2 potions of heal wounds {unknown}
 g - a potion of flight {unknown}


   Skills:
 + Level 2.0 Dodging
 - Level 1.4 Stealth
 * Level 2.9 Spellcasting
 + Level 1.3 Conjurations
 * Level 3.0 Fire Magic


You had 4 spell levels left.
You knew the following spells:

 Your Spells              Type           Power      Damage    Failure   Level
a - Foxfire               Conj/Fire      40%        2x1d6     7%          1
b - Scorch                Fire           26%        2d6       7%          2

Your spell library contained the following spells:

 Spells                   Type           Power      Damage    Failure   Level
 Conjure Flame            Conj/Fire      10%        6-21      21%         3
 Inner Flame              Hex/Fire       8%         N/A       26%         3
 Ozocubu's Armour         Ice            2%         N/A       45%         3
 Flame Wave               Conj/Fire      10%        2d5       54%         4
 Ozocubu's Refrigeration  Ice            1%         4d5       100%        7


Dungeon Overview and Level Annotations

Branches:
Dungeon (2/15)

Altars:

Annotations:
D:2 Robin


Innate Abilities, Weirdness & Mutations

You are too large for most types of armour.
You have tough skin. (AC +1)


Message History

Increase (S)trength, (I)ntelligence, or (D)exterity?
You feel clever. x2; You feel stronger.
Robin says, "Feeling lonely?"
Things that are here:
a +0 dagger; a goblin corpse
There is an open door here.
Robin roars a battlecry!
A goblin comes into view. It is wielding a +0 dagger.
The goblin unwields a +0 dagger.
The goblin wields a +0 hunting sling.
The goblin shoots a sling bullet.
The sling bullet hits you.
* * * LOW HITPOINT WARNING * * *
A goblin comes into view. It is wielding a +0 club.
The goblin shoots a sling bullet.
The sling bullet barely misses you.
There is an open door here.
The goblin shouts!
The goblin unwields a +0 club.
The goblin wields a +0 hunting sling.
The goblin shoots a stone.
The stone hits you.
* * * LOW HITPOINT WARNING * * *
The goblin shoots a sling bullet.
The sling bullet closely misses you.
The goblin shoots a stone.
The stone hits you.
* * * LOW HITPOINT WARNING * * *
Casting: Scorch (safe; 7% risk of failure)
Confirm with . or Enter, or press ? or * to list all spells.
You can't see any susceptible monsters within range! (Use Z to cast anyway.)
Casting: Scorch (safe; 7% risk of failure)
Confirm with . or Enter, or press ? or * to list all spells.
Flames lash Robin.
Robin is moderately wounded.
Robin's fire resistance burns away.
The goblin unwields a +0 hunting sling.
The goblin wields a +0 club.
The goblin hits you with a +0 club.
* * * LOW HITPOINT WARNING * * *
The goblin barely misses you.
The goblin unwields a +0 club.
The goblin wields a +0 hunting sling.
The goblin shoots a stone.
The stone hits you.
* * * LOW HITPOINT WARNING * * *
Robin is no longer more vulnerable to fire.
The goblin no longer looks unusually strong.
The goblin shoots a stone.
The stone hits you.
You die...

#..#.#.##...#.#.#...#..##.#
#..#g#.##.###.#.#####..##.#
#..#.#g##.#......g.g......#
######..#.#.##.#.#..######..####
............##.#.#..# #.>#..
#########'####.#.#..# ##g#.#
#.....g.#.#..#######.#.#
#.......#.#..#....##g#.#
#####....g.g@.#..#....##.#.##
..#...########..#..........#
..####.#........).)..#..........#
.....<.#############......).....#
..####...# ###..........#
.......#.######## #####.......
####.#..........# #.#+#.#.
...........####.##########.#.#.#.
####..†.......#.#..........#.#†..


You could see Robin and 2 goblins.

Vanquished Creatures
  4 ball pythons
  3 bats
  2 endoplasms
  5 goblins
  3 hobgoblins
  2 kobolds
  2 frilled lizards (D:1)
21 creatures vanquished.

Vanquished Creatures (others)
  51 foxfires
51 creatures vanquished.

Grand Total: 72 creatures vanquished

Notes
Turn   | Place    | Note
-------+----------+-------------------------------------------
     0 | D:1      | Zeld the Ogre Fire Elementalist began the quest for the
                  | Orb.
     0 | D:1      | Reached XP level 1. HP: 16/16 MP: 3/3
   362 | D:1      | Reached skill level 1 in Conjurations
   461 | D:1      | Reached XP level 2. HP: 24/24 MP: 2/5
   513 | D:1      | Learned a level 2 spell: Scorch
  1152 | D:2      | Reached skill level 3 in Fire Magic
  1399 | D:2      | Found a faded altar of an unknown god.
  1608 | D:2      | Noticed Robin
  1721 | D:2      | Reached XP level 3. HP: 3/31 MP: 0/7
  1754 | D:2      | HP: 1/31 [goblin/stone[Robin] (2)]
  1755 | D:2      | Shot with a stone by a goblin

Illustrated notes

Levels and vault maps discovered:
D:1:      mushboom_english_gardens, layout_basic, st_stairs_10,
          serial_park_tiny_1, nrook_mini_vaults
D:2:      layout_basic, shapermc_ecumenical_altar_mp_urbaneastern, uniq_robin

Skill      XL: |  1  2 |
---------------+-------+-----
Conjurations   | 1 |  1.3
Fire Magic     | 3 |  3.0
Dodging        | 2 |  2.0
Stealth        | |  1.4
Spellcasting   | |  2.9

Action                   || total
-------------------------++-------
Melee: Unarmed           ||     4
 Cast: Foxfire           ||    36
       Scorch            ||    13
Armor: Robe              ||    10
Dodge: Dodged            ||    10
